 Dungeon Crawl Stone Soup version 0.19.0-23-gf02e663 (webtiles) character file.

8752 GordonOverkill the Blocker (level 11, -6/84 HPs)
             Began as a Formicid Fighter on Nov 20, 2016.
             Was a Priest of Okawaru.
             Mangled by a white ugly thing (14 damage)
             ... on level 11 of the Dungeon.
             The game lasted 00:21:52 (13148 turns).

GordonOverkill the Blocker (Formicid Fighter)      Turns: 13148, Time: 00:21:53

Health: -6/84      AC: 13    Str: 24    XL:     11   Next: 61%
Magic:  11/11      EV:  6    Int:  8    God:    Okawaru [***...]
Gold:   559        SH: 13    Dex: 10    Spells: 0 memorised, 10 levels left

rFire  . . .     SeeInvis +     a - +1 war axe (venom)
rCold  . . .     Gourm    +     y - +0 plate armour
rNeg   . . .     Faith    .     c - +0 shield
rPois  +         Spirit   .     (helmet unavailable)
rElec  .         Reflect  .     d - +0 cloak
rCorr  .         Harm     .     u - -1 pair of gloves (curse)
MR     +....                    s - +0 pair of boots
Stlth  ..........               q - amulet of the gourmand
                                H - ring of poison resistance
                                j - ring of stealth

@: no status effects
A: permanent stasis, dig shafts and tunnels, four strong arms, antennae 3
a: Dig, Shaft Self, Heroism, Renounce Religion


You were on level 11 of the Dungeon.
You worshipped Okawaru.
Okawaru was most pleased with you.
You were completely stuffed.

You visited 2 branches of the dungeon, and saw 12 of its levels.

You collected 559 gold pieces.

Inventory:

Hand Weapons
 a - a +1 war axe of venom (weapon)
Missiles
 x - 3 throwing nets (quivered)
Armour
 c - a +0 shield (worn)
 d - a +0 cloak (worn)
 s - a +0 pair of boots (worn)
 u - a cursed -1 pair of gloves (worn)
 y - a +0 plate armour (worn)
Jewellery
 j - a ring of stealth (left hand)
 o - an uncursed ring of ice
 q - an amulet of the gourmand (around neck)
 r - an uncursed ring of flight
 H - a ring of poison resistance (right hand)
Wands
 t - a wand of random effects (21/48)
 F - a wand of slowing (31/48)
Scrolls
 g - 3 scrolls of identify
 h - 6 scrolls of remove curse
 i - a scroll of amnesia
 v - 2 scrolls of magic mapping
 B - a scroll of enchant weapon
Potions
 e - 2 potions of might
 k - 2 potions of resistance
 l - 2 potions of agility
 p - 4 potions of curing
 z - a potion of magic
 C - a potion of ambrosia
Books
 E - a book of Conjurations

   Spells                             Type                      Level
   a - Magic Dart                     Conjuration                  1
   b - Searing Ray                    Conjuration                  2
   c - Dazzling Spray                 Conjuration/Hexes            3
   d - Fulminant Prism                Conjuration/Hexes            4
   e - Iskenderun's Mystic Blast      Conjuration                  4
   f - Iskenderun's Battlesphere      Conjuration/Charms           5
 G - Ceohem's Compendium of Flight and the Blaze
   (You found it on level 9 of the Dungeon)

   Spells                             Type                      Level
   a - Throw Flame                    Conjuration/Fire             2
   b - Airstrike                      Air                          4
   c - Sticky Flame                   Conjuration/Fire             4
   d - Summon Lightning Spire         Summoning/Air                4
   e - Conjure Ball Lightning         Conjuration/Air              6
 J - a book of Clouds

   Spells                             Type                      Level
   a - Mephitic Cloud                 Conjuration/Poison/Air       3
   b - Conjure Flame                  Conjuration/Fire             3
   c - Poisonous Cloud                Conjuration/Poison/Air       6
   d - Freezing Cloud                 Conjuration/Ice/Air          6
   e - Ring of Flames                 Charms/Fire                  7
Comestibles
 b - 5 fruits
 f - 4 bread rations
 m - 2 beef jerkies
 n - a slice of pizza
 A - 3 meat rations
 D - 2 royal jellies
 I - 5 chunks of flesh


   Skills:
 + Level 7.0 Fighting
 + Level 12.2 Axes
 - Level 3.2 Armour
 - Level 13.0 Shields


You had 10 spell levels left.
You didn't know any spells.

Dungeon Overview and Level Annotations

Branches:
Dungeon (10/15)            Temple (1/1) D:5             Orc (0/2) D:10
   Lair: D:8-11

Altars:
Ashenzari
Cheibriados
Dithmenos
Elyvilon
Fedhas
Gozag
Hepliaklqana
Kikubaaqudgha
Makhleb
Nemelex Xobeh
Okawaru
Qazlal
Ru
Sif Muna
Trog
Uskayaw
Vehumet
Xom
Yredelemnul
Zin
The Shining One


Innate Abilities, Weirdness & Mutations

You are under a permanent stasis effect.
You can dig through walls and to a lower floor.
Your four strong arms can wield two-handed weapons with a shield.
You have a pair of large antennae on your head. (SInv)


Message History

The white ugly thing punches you but does no damage.
You extend your mandibles.
You dig through the rock wall.
You retract your mandibles.
You see here a hound corpse.
The gnoll shouts!
You block the white ugly thing's attack.
You block the gnoll's attack. You block the gnoll's attack.
The white ugly thing punches you! The white ugly thing freezes you!!
* * * LOW HITPOINT WARNING * * *
Okay, then.
Okay, then.
You block the white ugly thing's attack.
The white ugly thing punches you but does no damage.
The white ugly thing looks more healthy.
The white ugly thing punches you.
* * * LOW HITPOINT WARNING * * *
The white ugly thing freezes you!
You die...

#.....#.......#.
#.............#.
######.....#.......#.
#..........######+##.
#....................
#.............#######
#.............#......
#.............#....).
#...@.###.....#....))
#..u### #.....#......
#...#.###.#####......
#..g†#.##.#..........
#...#)###.#..........
#...### #g#..........
#...# #.#..........
###.#####.#..........
#...g...#.....(.)..


You could see a white ugly thing and a gnoll.

Vanquished Creatures
  Pikel (D:6)
  A manticore (D:11)
  Maurice (D:8)
  Joseph (D:9)
  A two-headed ogre (D:11)
  A hornet (D:9)
  3 hippogriffs
  Sigmund (D:4)
  6 yaks (D:9)
  A wyvern (D:9)
  A hungry ghost (D:11)
  A warg (D:10)
  6 sky beasts
  4 orc warriors
  2 phantoms
  2 slaves (D:6)
  5 ogres
  7 centaurs
  9 bullfrogs
  A wyvern skeleton (D:7)
  3 scorpions
  7 howler monkeys
  6 wights
  7 crimson imps
  2 bullfrog zombies
  4 jellies
  4 orc priests
  2 gnoll shamans
  3 hounds
  A centaur skeleton (D:9)
  8 worker ants
  3 iguanas
  11 orc wizards
  A killer bee zombie (D:6)
  2 hound zombies
  3 worker ant zombies
  12 gnolls
  7 adders
  A shadow imp (D:9)
  An adder zombie (D:8)
  2 adder skeletons
  2 worms
  4 dart slugs
  3 leopard geckos
  37 orcs
  A ball python (D:6)
  2 giant cockroaches
  4 goblins
  7 hobgoblins
  18 jackals
  A quokka (D:5)
  8 bats
  6 frilled lizards
  7 kobolds
  2 leopard gecko skeletons
  A leopard gecko zombie (D:9)
  12 rats
260 creatures vanquished.

Vanquished Creatures (others)
  A slave (D:7)
1 creature vanquished.

Grand Total: 261 creatures vanquished

Notes
Turn   | Place    | Note
-------+----------+-------------------------------------------
     0 | D:1      | GordonOverkill the Formicid Fighter began the quest for the Orb.
     0 | D:1      | Reached XP level 1. HP: 18/18 MP: 1/1
   383 | D:1      | Reached XP level 2. HP: 23/24 MP: 2/2
   388 | D:1      | Reached skill level 4 in Shields
   591 | D:1      | Reached XP level 3. HP: 25/29 MP: 3/3
  1936 | D:2      | Found a stormy altar of Qazlal.
  2332 | D:3      | Reached XP level 4. HP: 35/35 MP: 4/4
  2610 | D:3      | Noticed a bullfrog
  2621 | D:3      | Killed a bullfrog
  2621 | D:3      | Reached skill level 5 in Shields
  2621 | D:3      | Reached XP level 5. HP: 23/41 MP: 5/5
  2877 | D:3      | Found a deep blue altar of Sif Muna.
  2982 | D:3      | Noticed a bullfrog
  2996 | D:3      | Killed a bullfrog
  2996 | D:3      | Reached XP level 6. HP: 40/47 MP: 6/6
  3460 | D:4      | Noticed an ogre
  3467 | D:4      | Killed an ogre
  3467 | D:4      | Reached skill level 6 in Shields
  3702 | D:4      | Reached skill level 5 in Axes
  3941 | D:4      | Reached XP level 7. HP: 52/52 MP: 7/7
  4337 | D:4      | Reached skill level 7 in Shields
  4976 | D:4      | Noticed Sigmund
  4985 | D:4      | Killed Sigmund
  4985 | D:4      | Reached skill level 8 in Shields
  4985 | D:4      | Reached XP level 8. HP: 46/58 MP: 8/8
  5231 | D:4      | Found an opulent altar of Gozag.
  5325 | D:5      | Entered Level 5 of the Dungeon
  5683 | D:5      | Found a staircase to the Ecumenical Temple.
  5699 | Temple   | Entered the Ecumenical Temple
  6025 | D:5      | Reached skill level 9 in Shields
  6337 | D:5      | Found a hide-covered altar of Uskayaw.
  6345 | D:5      | Reached XP level 9. HP: 46/64 MP: 9/9
  6808 | D:6      | Reached skill level 10 in Shields
  7310 | D:6      | Noticed a hippogriff
  7322 | D:6      | Killed a hippogriff
  7973 | D:7      | Noticed Pikel
  8002 | D:6      | Killed Pikel
  8002 | D:6      | Reached skill level 11 in Shields
  8158 | D:7      | Reached XP level 10. HP: 69/70 MP: 10/10
  8559 | D:7      | Reached skill level 10 in Axes
  8824 | D:7      | Reached skill level 12 in Shields
  9787 | D:8      | Found a white marble altar of Elyvilon.
  9915 | D:8      | Found a sparkling altar of Nemelex Xobeh.
  9915 | D:8      | Found an iron altar of Okawaru.
  9923 | D:8      | Became a worshipper of Warmaster Okawaru
 10552 | D:8      | Found a shimmering altar of Xom.
 10552 | D:8      | Found a sacrificial altar of Ru.
 10557 | D:8      | Found an ancient bone altar of Kikubaaqudgha.
 10559 | D:8      | Found a burning altar of Makhleb.
 10561 | D:8      | Found a shadowy altar of Dithmenos.
 10749 | D:8      | Found a glowing silver altar of Zin.
 10752 | D:8      | Noticed Maurice
 10767 | D:8      | Killed Maurice
 10767 | D:8      | Reached * piety under Okawaru
 10767 | D:8      | Reached skill level 13 in Shields
 11040 | D:9      | Reached XP level 11. HP: 68/75 MP: 11/11
 11578 | D:9      | Reached ** piety under Okawaru
 11775 | D:9      | Reached skill level 5 in Fighting
 11873 | D:9      | Noticed Joseph
 11884 | D:9      | Killed Joseph
 12140 | D:9      | Identified Ceohem's Compendium of Flight and the Blaze
 12145 | D:10     | Entered Level 10 of the Dungeon
 12145 | D:10     | Found a staircase to the Orcish Mines.
 12162 | D:10     | Noticed a hill giant
 12165 | D:10     | You fall through a shaft!
 12634 | D:11     | Noticed a manticore
 12647 | D:11     | Killed a manticore
 12914 | D:11     | Reached *** piety under Okawaru
 13065 | D:11     | Noticed a white ugly thing
 13106 | D:11     | HP: 2/84 [white ugly thing (26)]
 13148 | D:11     | Mangled by a white ugly thing

Skill      XL: |  1  2  3  4  5  6  7  8  9 10 11 |
---------------+----------------------------------+-----
Shields        | 4 5 6 8 9 11 13 | 13.0
Axes           | 3 4 5 6 7 9 11 12 | 12.2
Fighting       | 7 |  7.0
Armour         | |  3.2

Action                   |  1- 3 |  4- 6 |  7- 9 | 10-12 || total
-------------------------+-------+-------+-------+-------++-------
Melee: War axe           |   124 |   122 |   336 |   532 ||  1114
 Abil: Dig               |     4 |       |     6 |     6 ||    16
       Shaft Self        |       |       |       |     1 ||     1
  Use: Scroll            |       |       |    14 |     6 ||    20
       Potion            |       |       |     2 |     1 ||     3
  Eat: Chunk             |     5 |     5 |    12 |    46 ||    68
       Beef jerky        |       |       |     1 |       ||     1
Armor: Scale mail        |    36 |       |       |       ||    36
       Chain mail        |    12 |    64 |   115 |     2 ||   193
       Plate armour      |       |       |       |   161 ||   161
Dodge: Dodged            |    43 |    25 |    90 |   100 ||   258
Block: Shield            |    45 |    73 |   183 |   287 ||   588
